 Dungeon Crawl Stone Soup version 0.30-a0-760-g5a9884bb7c (webtiles) character file.

Game seed: 9327748488932679001

11895 BigDaddyOpFi the Digger (level 11, -2/147 HPs)
             Began as a Troll Transmuter on Feb 10, 2023.
             Was an Elder of Vehumet.
             Slain by a fire elemental (7 damage)
             ... summoned by a deep elf pyromancer
             ... on level 9 of the Dungeon.
             The game lasted 00:19:55 (11408 turns).

BigDaddyOpFi the Digger (Troll Transmuter)         Turns: 11408, Time: 00:19:56

Health: -2/147     AC: 29    Str: 24    XL:     11   Next: 55%
Magic:  16/19      EV:  1    Int: 12    God:    Vehumet [****..]
Gold:   401        SH:  0    Dex:  9    Spells: 11/22 levels left

rFire   . . .      SeeInvis .      - Unarmed
rCold   . . .      Faith    .    v - orb {light}
rNeg    . . .      Spirit   .    (body armour currently unavailable)
rPois   +          Reflect  .    (helmet currently unavailable)
rElec   .          Harm     .    (cloak currently unavailable)
rCorr   +          Rampage  .    (gloves unavailable)
Will    .....      NoTele   +    (boots unavailable)
Stlth   +                        f - amulet of the acrobat
HPRegen 1.24/turn                s - ring of resist corrosion
MPRegen 0.16/turn                h - +4 ring of protection

@: tree-form, attractive, glowing
A: stationary, stasis, torment immunity, boosted hp, large, unfitting armour,
(claws 3), regeneration 1, (shaggy fur 1), (tough skin 1), (iridescent scales
1), strong 1, (teleportitis 1)
a: Renounce Religion


You were on level 9 of the Dungeon.
You worshipped Vehumet.
Vehumet was greatly pleased with you.
You were a tree.
You visited 2 branches of the dungeon, and saw 10 of its levels.

You collected 401 gold pieces.

Inventory:

Missiles
 m - 2 throwing nets
Armour
 a - a +2 robe (melded)
 j - a +1 hat of see invisible (melded)
 k - a scarf of resistance (melded)
 o - a +0 cloak
 q - a scarf of invisibility
 v - an orb of light (worn)
Magical Staves
 g - a staff of earth
Jewellery
 e - a ring of positive energy
 f - an amulet of the acrobat (around neck)
 h - a +4 ring of protection (right branch)
 s - a ring of resist corrosion (left branch)
 u - a ring of fire
Wands
 x - a wand of iceblast (11) (quivered)
 y - a wand of flame (46)
 B - a wand of polymorph (10)
Scrolls
 i - a scroll of magic mapping
 n - a scroll of brand weapon
 p - 2 scrolls of amnesia
 w - 2 scrolls of enchant weapon
Potions
 b - a potion of lignification
 c - a potion of magic
 d - a potion of mutation
 l - 2 potions of berserk rage


   Skills:
 - Level 3.9 Fighting
 - Level 4.1 Dodging
 - Level 5.5 Unarmed Combat
 + Level 6.4 Spellcasting
 + Level 6.5 Conjurations
 - Level 3.7 Transmutations
 + Level 7.8 Earth Magic
 - Level 2.5 Poison Magic


You had 11 spell levels left.
You knew the following spells:

 Your Spells              Type           Power      Damage    Failure   Level
a - Beastly Appendage     Tmut           24%        N/A       3%          1
b - Wereblood             Tmut           12%        N/A       5%          2
c - Spider Form           Tmut/Pois      11%        N/A       14%         3
d - Searing Ray           Conj           38%        2d5       1%          2
e - Stone Arrow           Conj/Erth      42%        3d9       1%          3

Your spell library contained the following spells:

 Spells                   Type           Power      Damage    Failure   Level
 Freezing Cloud           Conj/Ice/Air   4%         6-21      43%         5
 Sandblast                Erth           44%        2d11      1%          1
 Shock                    Conj/Air       44%        1d5       1%          1
 Passwall                 Tmut/Erth      14%        N/A       2%          2
 Poisonous Vapours        Pois/Air       12%        N/A       4%          2
 Mephitic Cloud           Conj/Pois/Air  11%        N/A       4%          3
 Summon Small Mammal      Summ           12%        N/A       17%         1
 Cigotuvi's Dreadful Rot  Necr/Pois/Air  10%        N/A       19%         2
 Airstrike                Air            1%         2d(1-17)  38%         4
 Call Canine Familiar     Summ           3%         N/A       45%         3
 Summon Guardian Golem    Hex/Summ       3%         N/A       45%         3
 Swiftness                Air            3%         N/A       45%         3
 Ice Form                 Ice/Tmut       8%         N/A       63%         4


Dungeon Overview and Level Annotations

Branches:
Dungeon (9/15)             Temple (1/1) D:4            Lair (0/5) D:9
    Orc (0/2) D:9

Altars:
Ashenzari
Cheibriados
Dithmenos
Elyvilon
Fedhas
Gozag
Hepliaklqana
Kikubaaqudgha
Makhleb
Nemelex Xobeh
Okawaru
Qazlal
Ru
Sif Muna
Trog
Uskayaw
Vehumet
Wu Jian
Xom
Yredelemnul
Zin
The Shining One

Shops:
D:4 ?

Annotations:
D:4 2 transporters


Innate Abilities, Weirdness & Mutations

You are a tree.
Your roots penetrate the ground, keeping you stationary.
You cannot be teleported.
You are immune to unholy pain and torment.
Your maximum health is greatly increased.
Your equipment is partially melded.
You are too large for most types of armour.
((You have claws for hands.))
Your natural rate of healing is unusually fast.
((You are covered in fur. (AC +1)))
((You have tough skin. (AC +1)))
((You are partially covered in iridescent scales. (AC +2)))
Your muscles are strong. (Str +4, Int/Dex -1)
((You are occasionally teleported next to monsters.))


Message History

Okay, then.
Really quaff the potion of lignification?
Your transformation has ended.
Your scarf of resistance unmelds from your body.
Your +1 hat of see invisible unmelds from your body.
Your orb of light unmelds from your body.
Your +2 robe unmelds from your body.
You feel resistant to extremes of temperature.
You feel perceptive.
You turn into a tree.
Your scarf of resistance melds into your body.
Your +1 hat of see invisible melds into your body.
Your +2 robe melds into your body.
You feel hot and cold all over.
You feel less perceptive.
Your roots penetrate the ground.
Your gnoll sergeant hits the skeletal warrior with a +0 trident!
Your gnoll hits the troll with a +0 spear.
Your gnoll closely misses the troll.
Your gnoll barely misses the gargoyle.
Your gnoll misses the skeletal warrior.
The wind drake exhales a fierce blast of wind!
Your gnoll is knocked back by the gust of wind.
The skeletal warrior is knocked back by the gust of wind.
The skeletal warrior collides with the troll!
The troll is severely wounded.
Your gnoll sergeant is knocked back by the gust of wind.
Your gnoll sergeant slams into something!
Your gnoll sergeant is severely wounded.
Your gnoll is knocked back by the gust of wind.
Your gnoll collides with the deep elf pyromancer!
The deep elf pyromancer is moderately wounded.
Your gnoll dies!
Your gnoll's corpse dissolves into shadows!
The fire elemental is knocked back by the gust of wind.
The gargoyle is knocked back by the gust of wind.
The gargoyle collides with your gnoll sergeant!
Your gnoll sergeant is almost dead.
Your gnoll is knocked back by the gust of wind.
Your gnoll collides with the skeletal warrior!
The skeletal warrior is moderately damaged.
Your gnoll is severely wounded.
The fire elemental hits you. The fire elemental burns you!
You die...

# # ## ##### # #g#
##...#### #.E##
#..).'.#. #○T♣#
####'####..# #.zEg#
#..÷÷...#... #gg9.e#
#.⌠...⌠.##'#
#gkDg.§##....⌠..##.8
##)g..S.+...⌠...#8..
§§....##..⌠....##.8
$.§..###.⌠...⌠.##+#
#....##.#.......# ..
##.#####'####..#


You could see a skeletal warrior (ally target), a wind drake (repels missiles,
catching breath, ally target), a deep elf pyromancer (poisoned, ally target), a
troll (ally target), 2 fire elementals, a steam dragon (ally target), a
gargoyle, a friendly water moccasin (summoned), 2 friendly gnoll sergeants and 5
friendly gnolls.

Vanquished Creatures
  Gastronok (D:8)
  Harold (D:9)
  A two-headed ogre (D:9)
  A death yak (D:8)
  Joseph (D:7)
  Psyche (D:8)
  4 polar bears (D:8)
  Sigmund (D:2)
  A shadow (D:8)
  A slime creature (D:7)
  A vampire (D:9)
  3 wyverns
  16 yaks
  Eustachio (D:6)
  Menkaure (D:7)
  A steam dragon (D:8)
  2 acid dragons (D:9)
  2 two-headed ogre zombies (D:9)
  3 water moccasins
  5 ice beasts
  An orc warrior (D:5)
  3 centaurs
  2 phantoms (D:9)
  A kobold brigand (D:9)
  4 bullfrogs
  A necrophage (D:5)
  3 scorpions
  A hornet simulacrum (D:8)
  A troll zombie (D:9)
  2 electric eels (D:8)
  5 howler monkeys
  3 hounds
  8 jellies
  6 orc priests
  Crazy Yiuf (D:3)
  13 orc wizards
  2 iguanas
  5 ogre zombies (D:9)
  16 gnolls
  4 adders
  6 white imps
  A howler monkey simulacrum (D:8)
  3 ufetubi (D:8)
  3 worms
  4 dart slugs
  25 orcs
  2 bats
  22 endoplasms
  3 giant cockroaches (D:2)
  6 goblins
  5 hobgoblins
  2 jackals (D:4)
  6 kobolds
  3 quokkas
  5 ball pythons
  9 frilled lizards
  4 goblin skeletons (D:9)
  4 goblin zombies (D:9)
  A hobgoblin skeleton (D:9)
  3 hobgoblin zombies (D:9)
  2 orc skeletons (D:9)
  11 orc zombies (D:9)
  4 rats
264 creatures vanquished.

Vanquished Creatures (collateral kills)
  A centaur (D:9)
1 creature vanquished.

Vanquished Creatures (others)
  5 fungi (D:7)
  9 plants (D:3)
14 creatures vanquished.

Grand Total: 279 creatures vanquished

Notes
Turn   | Place    | Note
-------+----------+-------------------------------------------
     0 | D:1      | BigDaddyOpFi the Troll Transmuter began the quest for the
                  | Orb.
     0 | D:1      | Reached XP level 1. HP: 18/18 MP: 1/1
    88 | D:1      | Reached skill level 1 in Fighting
   137 | D:1      | Reached XP level 2. HP: 27/27 MP: 3/3
   516 | D:1      | Found a faded altar of an unknown god.
   726 | D:2      | Reached XP level 3. HP: 30/33 MP: 2/4
   736 | D:2      | Learned a level 2 spell: Wereblood
   917 | D:2      | Noticed Sigmund
   933 | D:2      | Killed Sigmund
   934 | D:2      | Reached XP level 4. HP: 29/42 MP: 2/6
   934 | D:2      | Reached XP level 5. HP: 34/49 MP: 2/7
  1959 | D:3      | Reached XP level 6. HP: 57/57 MP: 8/8
  2192 | D:3      | Found a runed translucent door.
  2193 | D:3      | Noticed Crazy Yiuf
  2250 | D:3      | Gained mutation: You are occasionally teleported next to
                  | monsters. [potion of mutation]
  2250 | D:3      | Gained mutation: You are partially covered in iridescent
                  | scales. (AC +2) [potion of mutation]
  2250 | D:3      | Gained mutation: Your muscles are strong. (Str +4, Int/Dex
                  | -1) [potion of mutation]
  2483 | D:3      | Killed Crazy Yiuf
  2988 | D:4      | Found a transporter.
  3014 | D:4      | Found a transporter.
  3049 | D:4      | Found Fidug's Magic Scroll Shop.
  3062 | D:4      | Reached XP level 7. HP: 61/66 MP: 9/9
  3189 | D:4      | Found a hide-covered altar of Uskayaw.
  3245 | D:4      | Found a staircase to the Ecumenical Temple.
  3358 | Temple   | Entered the Ecumenical Temple
  3358 | Temple   | Found a transporter.
  3358 | Temple   | Found a transporter.
  3360 | Temple   | Found a transporter.
  3360 | Temple   | Found a transporter.
  3413 | Temple   | Became a worshipper of Vehumet
  3467 | D:4      | Found a sacrificial altar of Ru.
  3471 | D:4      | Found a bloodstained altar of Trog.
  3473 | D:4      | Found a sparkling altar of Nemelex Xobeh.
  3473 | D:4      | Found an iron altar of Okawaru.
  3959 | D:4      | Reached skill level 1 in Poison Magic
  4028 | D:5      | Entered Level 5 of the Dungeon
  4028 | D:5      | Noticed a yak
  4028 | D:5      | Noticed a yak
  4028 | D:5      | Noticed a yak
  4028 | D:5      | Noticed a yak
  4048 | D:4      | Killed a yak
  4335 | D:5      | Learned a level 3 spell: Spider Form
  4744 | D:5      | Killed a yak
  4745 | D:5      | Reached skill level 5 in Unarmed Combat
  4745 | D:5      | Reached XP level 8. HP: 28/75 MP: 7/11
  5246 | D:5      | Found a snail-covered altar of Cheibriados.
  5246 | D:5      | Found a basalt altar of Yredelemnul.
  5254 | D:5      | Found a faded altar of an unknown god.
  5256 | D:5      | Found a stormy altar of Qazlal.
  5258 | D:5      | Found a broken altar of Ashenzari.
  5333 | D:6      | Reached skill level 1 in Earth Magic
  5362 | D:6      | Reached skill level 1 in Conjurations
  5504 | D:6      | Reached XP level 9. HP: 84/84 MP: 13/13
  5532 | D:6      | Reached skill level 2 in Earth Magic
  5663 | D:6      | Reached * piety under Vehumet
  5663 | D:6      | Offered knowledge of Kiss of Death by Vehumet.
  5698 | D:6      | Noticed Eustachio
  5702 | D:6      | Killed Eustachio
  6019 | D:7      | Reached skill level 3 in Earth Magic
  6128 | D:7      | Noticed Menkaure
  6145 | D:7      | Killed Menkaure
  6426 | D:7      | Noticed Joseph
  6443 | D:7      | Killed Joseph
  6444 | D:7      | Reached skill level 4 in Earth Magic
  6938 | D:7      | Learned a level 1 spell: Sandblast
  7013 | D:8      | Reached XP level 10. HP: 92/92 MP: 15/15
  7014 | D:8      | Noticed Gastronok
  7037 | D:8      | Killed Gastronok
  7037 | D:8      | Reached ** piety under Vehumet
  7037 | D:8      | Offered knowledge of Momentum Strike by Vehumet.
  7038 | D:8      | Reached skill level 5 in Earth Magic
  7242 | D:8      | Reached skill level 5 in Spellcasting
  7783 | D:8      | Noticed a death yak
  8003 | D:8      | Killed a death yak
  8004 | D:8      | Reached skill level 5 in Conjurations
  8004 | D:8      | Reached skill level 6 in Earth Magic
  8034 | D:8      | Learned a level 3 spell: Stone Arrow
  8212 | D:8      | Noticed Psyche
  8252 | D:8      | Killed Psyche
  8492 | D:8      | Offered knowledge of Searing Ray by Vehumet.
  8493 | D:8      | Reached XP level 11. HP: 97/98 MP: 15/18
  8516 | D:8      | Learned a level 2 spell: Searing Ray
  8790 | D:9      | Noticed a two-headed ogre
  8802 | D:9      | Killed a two-headed ogre
  8803 | D:9      | Reached skill level 7 in Earth Magic
  8804 | D:9      | Reached *** piety under Vehumet
  8883 | D:9      | Found a staircase to the Orcish Mines.
  9297 | D:9      | Offered knowledge of Fulminant Prism by Vehumet.
  9846 | D:9      | Identified a scroll of acquirement
  9846 | D:9      | Acquired a staff of earth
  9861 | D:9      | Noticed Harold
  9886 | D:9      | Killed Harold
 10410 | D:9      | Reached **** piety under Vehumet
 10503 | D:9      | Found a staircase to the Lair.
 11256 | D:9      | Offered knowledge of Freezing Cloud by Vehumet.
 11403 | D:9      | Noticed a skeletal warrior
 11403 | D:9      | Noticed a deep elf pyromancer
 11407 | D:9      | HP: 2/98 [fire elemental[a deep elf pyromancer] (8)]
 11408 | D:9      | Slain by a fire elemental

Illustrated notes

Levels and vault maps discovered:
D:1:      arrival_zaba_pyramid, layout_loops_ring,
          hellmonk_ecumenical_altar_leap_of_faith
D:2:      layout_basic, minmay_domino_4, uniq_sigmund
D:3:      layout_rooms, minmay_lizard_king, uniq_crazy_yiuf_cottage
D:4:      layout_layer_cave, gammafunk_temple_overflow_arena,
          grunt_temple_overflow_open, minmay_temple_entry_overgrown,
          serial_shops, shop_scrolls, serial_rivers,
          chequers_serial_rivers_micro_a, chequers_serial_rivers_small_a,
          chequers_serial_rivers_micro_c, chequers_serial_rivers_marsh,
          chequers_serial_rivers_micro_a, chequers_serial_rivers_room_a,
          minmay_misc_feat_rows
D:5:      nicolae_cairo_tiling_very_big, layout_rooms,
          chequers_temple_overflow_minitemple
D:6:      layout_basic, serial_corexii_hall, corexii_hall_statues_i,
          chequers_hall_statues_wall_a, chequers_serial_rivers_marsh,
          uniq_eustachio
D:7:      lemuel_slime, layout_loops_ring, uniq_joseph, uniq_menkaure
D:8:      layout_loops_cross, serial_ice, serial_ice_f, serial_ice_o,
          serial_ice_h, serial_ice_i, serial_ice_a, serial_ice_n, serial_ice_d,
          serial_ice_g, serial_ice_m, serial_ice_e, uniq_psyche, uniq_gastronok
D:9:      minmay_chambers_of_sevens, layout_cave_pools, lair_entry_dummy,
          zombieorc2_lemuel, lightli_fourway_metalbox, uniq_harold
Temple:   hellmonk_temple_divided_pantheon

Skill      XL: |  1  2  3  4  5  6  7  8  9 10 11 |
---------------+----------------------------------+-----
Fighting       | 1 2 3 |  3.9
Dodging        | 2 3 4 |  4.1
Spellcasting   | 2 3 4 5 6 |  6.4
Transmutations | 2 3 |  3.7
Unarmed Combat | 4 5 |  5.5
Poison Magic   | 1 2 |  2.5
Earth Magic    | 1 4 6 7 |  7.8
Conjurations   | 1 3 5 6 |  6.5

Action                     |  1- 3 |  4- 6 |  7- 9 | 10-12 || total
---------------------------+-------+-------+-------+-------++-------
  Melee: Unarmed           |    70 |   128 |   270 |   298 ||   766
         Kick              |     4 |     3 |    20 |     5 ||    32
         Headbutt          |       |     1 |    13 |     4 ||    18
         Punch             |       |       |     1 |       ||     1
         Staff             |       |       |       |    12 ||    12
   Cast: Beastly Appendage |     6 |     6 |    22 |     2 ||    36
         Wereblood         |     1 |       |     6 |    13 ||    20
         Spider Form       |       |       |     7 |    13 ||    20
         Sandblast         |       |       |     3 |       ||     3
         Stone Arrow       |       |       |       |    52 ||    52
         Searing Ray       |       |       |       |     2 ||     2
    Use: Scroll            |       |     9 |     7 |     7 ||    23
         Potion            |       |     2 |     3 |     7 ||    12
   Stab: Sleeping          |     3 |       |       |       ||     3
 Armour: Robe              |    16 |    73 |   127 |   178 ||   394
         Skin              |       |     1 |    12 |    35 ||    48
  Dodge: Dodged            |    37 |    51 |   212 |   369 ||   669

Table legend: (Time is in decaauts)
 A = Elapsed time spent in this place.
 B = Non-inter-level travel time spent in this place.
 C = Inter-level travel time spent in this place.
 D = Time resting spent in this place.
 E = Time spent auto-exploring this place.
 F = Levels seen in this place.
 G = Mean time per level.
                   A        B        C        D        E       F      G
               +--------+--------+--------+--------+--------+-----+--------+
         Total |  11335 |  11010 |    325 |   3512 |   5229 |  10 | 1133.5 |
       Dungeon |  11254 |  10929 |    325 |   3512 |   5229 |   9 | 1250.4 |
        Temple |     80 |     80 |      0 |      0 |      0 |   1 |   80.0 |
               +--------+--------+--------+--------+--------+-----+--------+

Top non-repeatable levels by time:
     D:8: 2510 daAuts
     D:9: 1903 daAuts
     D:4: 1433 daAuts
     D:2: 1372 daAuts
     D:5: 998 daAuts
     D:7: 962 daAuts
     D:3: 840 daAuts
     D:6: 695 daAuts
     D:1: 538 daAuts
  Temple: 80 daAuts
